 Seeded DCSS version 0.26-a0-831-g7192265339 (webtiles) character file.

Game seed: 7612661201938149844 (custom seed)

273 sahdkjhfkaj the Chopper (level 6, 53/56 HPs)
             Began as a Deep Dwarf Fighter on Nov 15, 2020.
             Quit the game on level 4 of the Dungeon.
             The game lasted 00:01:52 (731 turns).

sahdkjhfkaj the Chopper (Deep Dwarf Fighter)         Turns: 731, Time: 00:01:53

Health: 53/56      AC:  9    Str: 22    XL:     6   Next: 2%
Magic:  6/6        EV:  5    Int:  8    God:
Gold:   85         SH: 10    Dex: 12    Spells: 5/5 levels left

rFire    . . .     SeeInvis .   h - +1 war axe (freeze)
rCold    . . .     Faith    .   c - +0 kite shield
rNeg     . . .     Spirit   .   f - +0 chain mail
rPois    .         Reflect  .   (no helmet)
rElec    .         Harm     .   (no cloak)
rCorr    .         Rampage  .   (no gloves)
MR       .....                  (no boots)
Stlth    ..........             (no amulet)
HPRegen  0.00/turn              (no ring)
MPRegen  0.10/turn              (no ring)

@: non-regenerating
A: damage resistance, heal wounds, sense surroundings 1, no regeneration
a: Heal Wounds


You were on level 4 of the Dungeon.
You visited 1 branch of the dungeon, and saw 4 of its levels.

You collected 85 gold pieces.

Inventory:

Hand Weapons
 h - a +1 war axe of freezing (weapon)
Armour
 c - a +0 kite shield (worn)
 f - a +0 chain mail (worn)
Wands
 g - a wand of random effects (21)
 j - a wand of polymorph (4)
Scrolls
 b - a scroll of blinking {!r, unknown}
 i - a scroll of amnesia {!r, unknown}
 k - a scroll of identify {!r, unknown}
 l - a scroll of remove curse {!r, unknown}
 m - 2 scrolls of teleportation {!r, unknown}
 o - a scroll of fog {!r, unknown}
Potions
 a - 2 potions of heal wounds {!q, unknown}
 d - a potion of might {!q}
 e - a potion of curing {!q}
 n - a potion of haste {!q, unknown}


   Skills:
 + Level 3.6 Fighting
 * Level 4.7 Axes
 + Level 4.4 Armour
 + Level 4.4 Shields


You had 5 spell levels left.
You didn't know any spells.
Your spell library was empty.

Dungeon Overview and Level Annotations

Branches:
Dungeon (4/15)
 Temple: D:4-7

Altars:
The Shining One

Shops:
D:4 =:


Innate Abilities, Weirdness & Mutations

You are resistant to damage.
You can heal yourself by infusing magical energy.
You passively map a small area around you.
You do not regenerate.


Message History

Things that are here:
a +0 scythe; a cursed +0 robe No target in view!
Key pressed, stopping explore.
No target in view!
Done exploring.
No target in view!
Done exploring.
No target in view!
Done exploring.
No target in view!
Done exploring.
No target in view!
Search for what [? for help]? arga Can't find anything matching that.
Firing (i - inventory) No suitable missiles.
Press: ? - help, Shift-Dir - straight line, f - you
Okay, then.
Search for what [Enter for "arga", or ? for help]? axe Are you sure you want to abandon this character and quit the game? (Confirm with "yes".)

..............#...#
.......#.#........#
#.....######......#
##....#######....##
##......##.#......##
...###.............#
...##.(............#
#####..#......#....# ###
#.##......#.@..# ..#
#..##......##.## .##
#..####....####
.#####.###.#....# ###
...#...#........#### #.#
.................#.####.###
......###.................#
......# ##.....##........##
.....#####..>..###.......#


There were no monsters in sight!

Vanquished Creatures
  Sigmund (D:4)
  An orc wizard (D:4)
  A worker ant (D:4)
  2 hound skeletons
  2 adders
  2 worms
  A leopard gecko (D:4)
  3 orcs (D:4)
  2 hobgoblins (D:2)
  2 quokkas
  A ball python (D:4)
  A frilled lizard (D:2)
  A kobold (D:3)
  A rat (D:1)
21 creatures vanquished.

Notes
Turn   | Place    | Note
-------+----------+-------------------------------------------
     0 | D:1      | sahdkjhfkaj the Deep Dwarf Fighter began the quest for the
                  | Orb.
     0 | D:1      | Reached XP level 1. HP: 20/20 MP: 1/1
   102 | D:2      | Found a glowing golden altar of the Shining One.
   143 | D:3      | Reached XP level 2. HP: 20/27 MP: 2/2
   204 | D:3      | Reached XP level 3. HP: 33/33 MP: 3/3
   225 | D:4      | Found Wuik's Book Boutique.
   230 | D:4      | Noticed Sigmund
   254 | D:4      | Killed Sigmund
   255 | D:4      | Reached XP level 4. HP: 33/42 MP: 4/4
   255 | D:4      | Reached XP level 5. HP: 39/49 MP: 5/5
   472 | D:4      | Found Ekhlimao's Jewellery Emporium.
   513 | D:4      | Reached XP level 6. HP: 53/56 MP: 6/6
   628 | D:4      | Found Reasuf's Gadget Shop.
   731 | D:4      | Quit the game

Illustrated notes

Levels and vault maps discovered:
D:1:      saegor_arrival_under_anarchy, layout_loops_ring
D:2:      layout_loops_ring, old_standard_altar, st_stairs_2
D:3:      layout_basic, serial_undead, serial_undead_c, serial_undead_b,
          serial_undead_c, serial_undead_c, serial_undead_e, serial_undead_c,
          serial_undead_b
D:4:      layout_cave_pools, serial_shops, shop, shop, shop, uniq_sigmund

Skill      XL: |  1  2  3 |
---------------+----------+-----
Axes           | 3 4 |  4.7
Fighting       | 3 |  3.6
Armour         | 4 |  4.4
Shields        | 4 |  4.4

Action                   |  1- 3 |  4- 6 || total
-------------------------+-------+-------++-------
Melee: War axe           |    42 |    32 ||    74
 Abil: Heal Wounds       |     3 |     1 ||     4
  Use: Potion            |     1 |       ||     1
Armor: Chain mail        |    12 |    15 ||    27
       Scale mail        |     2 |       ||     2
Dodge: Dodged            |    10 |     7 ||    17
Block: Kite shield       |    16 |    17 ||    33

Table legend: (Time is in decaauts)
 A = Elapsed time spent in this place.
 B = Non-inter-level travel time spent in this place.
 C = Inter-level travel time spent in this place.
 D = Time resting spent in this place.
 E = Time spent auto-exploring this place.
 F = Levels seen in this place.
 G = Mean time per level.
                   A        B        C        D        E       F      G
               +--------+--------+--------+--------+--------+-----+--------+
         Total |    761 |    761 |      0 |      0 |    518 |   4 |  190.2 |
       Dungeon |    761 |    761 |      0 |      0 |    518 |   4 |  190.2 |
               +--------+--------+--------+--------+--------+-----+--------+

Top non-repeatable levels by time:
     D:4: 541 daAuts
     D:2: 92 daAuts
     D:3: 82 daAuts
     D:1: 45 daAuts
